[Event "45th FIDE Olympiad 2024"]
[Site "Budapest"]
[Date "2024.09.12"]
[Round "2.60"]
[White "Roselli Mailhe, Bernardo"]
[Black "Onyshchuk, Volodymyr"]
[Result "0-1"]
[ECO "E68"]
[WhiteElo "2362"]
[BlackElo "2610"]
[Annotator "TA"]
[PlyCount "110"]
[EventDate "2024.09.05"]
[EventType "team-tourn"]
[EventCountry "HUN"]
[SourceTitle "playchess.com"]
[Source "ChessBase"]
[SourceQuality "1"]
[WhiteTeam "Uruguay"]
[BlackTeam "Ukraine"]
[WhiteTeamCountry "URU"]
[BlackTeamCountry "UKR"]
[TimeControl "40/5400+30:1800+30"]

1. d4 Nf6 2. c4 g6 3. Nf3 Bg7 4. g3 O-O 5. Bg2 d6 6. O-O Nbd7 7. Nc3 e5 8. e4 Re8 9. d5 Nc5 10. Ne1 a5 11. Nd3 Nfd7 {[%emt 0:03:31] E68: King's Indian: Fianchetto: 6...Nbd7 7 0-0 e5 8 e4.} 12. Be3 b6 13. Nxc5 Nxc5 14. Qd2 f5 15. f3 Rf8 16. Bg5 $146 ({Predecessor:} 16. Rfe1 Bd7 17. Rab1 Qc8 18. b4 axb4 19. Rxb4 f4 20. Bf2 Bh6 21. Bxc5 bxc5 22. Rb3 {0-1 Gorcsi,G (2220)-Polgar,T (2208) Balaton IM 37th 2019 (4)}) 16... Qe8 17. Rfe1 f4 18. g4 h5 19. h3 (19. Nb5 $11 Na6 (19... hxg4 20. Nxc7 Qd7 21. Nxa8 $18) 20. h3) 19... Qf7 20. Kf2 Bf6 21. Bxf6 $1 Qxf6 22. Rg1 ({White should play} 22. Rf1 $15) 22... hxg4 $1 $17 (22... Qh4+ $6 23. Ke2 $11) 23. hxg4 Bxg4 (23... Qh4+ 24. Kf1 $16) 24. Ke2 Bd7 25. Rh1 Kg7 26. Bh3 Rh8 27. Bxd7 Nxd7 28. Rag1 Rxh1 29. Rxh1 Qg5 30. Kf1 {[%emt 0:02:32] [#]} Qg3 $1 31. Qe2 Nf6 32. Nb5 Rc8 33. Qg2 {[%emt 0:00:22] [#]} (33. Na7 {is a better defense.} Rg8 34. Qf2) 33... Qxg2+ $1 $19 34. Kxg2 g5 35. b3 g4 36. Rh4 Kg6 37. Na7 $2 (37. Kf2) 37... Rg8 38. Nb5 gxf3+ 39. Kxf3 Kf7 40. Rh3 Rg1 41. Nxc7 Re1 42. Kf2 Ra1 (42... Nxe4+ $2 {is the wrong capture.} 43. Kxe1 Kg6 44. Rh8 $18) (42... Rxe4 43. Nb5 Ke7 44. Kf1 $11) 43. Kf3 Rxa2 44. Nb5 Ke7 45. Rh6 Rf2+ 46. Kxf2 Ng4+ (46... Nxe4+ $2 {perishes.} 47. Ke1 $18) 47. Ke2 Nxh6 48. Nc7 (48. Na7 {was necessary.} Kd7 49. Nb5) 48... Nf7 49. Na8 (49. Nb5 $142) 49... Ng5 $19 50. Kd3 f3 51. Nxb6 Nxe4 52. Na4 Nf6 53. Nc3 e4+ 54. Kd2 f2 55. Ke2 e3 $1 0-1

[Event "45th FIDE Olympiad 2024"]
[Site "Budapest"]
[Date "2024.09.12"]
[Round "2.61"]
[White "Kulaots, Kaido"]
[Black "Predke, Alexandr"]
[Result "0-1"]
[ECO "C78"]
[WhiteElo "2506"]
[BlackElo "2671"]
[Annotator "TA"]
[PlyCount "124"]
[EventDate "2024.09.05"]
[EventType "team-tourn"]
[EventCountry "HUN"]
[SourceTitle "playchess.com"]
[Source "ChessBase"]
[SourceQuality "1"]
[WhiteTeam "Estonia"]
[BlackTeam "Serbia"]
[WhiteTeamCountry "EST"]
[BlackTeamCountry "SRB"]
[TimeControl "40/5400+30:1800+30"]

1. e4 e5 2. Nf3 Nc6 3. Bb5 a6 4. Ba4 Nf6 5. O-O b5 6. Bb3 Bc5 7. a4 Bb7 8. d3 O-O 9. Nc3 Na5 10. axb5 Nxb3 11. cxb3 axb5 12. Rxa8 Bxa8 13. Nxe5 {[%emt 0:01:08] White has an edge.} b4 14. Na4 {[%emt 0:02:26] A dynamic duo of knights.} Be7 15. Qc2 Re8 16. Nf3 d6 17. Bg5 h6 18. Bh4 c5 {[%emt 0:04:28] Repels Nd4} 19. h3 Nh5 20. Bxe7 Rxe7 21. Re1 Nf4 22. Re3 (22. Qd2 $5 Ne6 23. d4 $14) 22... Bb7 23. Kh2 Ne6 24. Re1 d5 25. Kg1 dxe4 26. dxe4 Rd7 27. Qc4 (27. Nxc5 $2 Qc8 28. Ne5 Rc7 $19 (28... Qxc5 $2 29. Qxc5 Nxc5 30. Nxd7 $18)) 27... Qc7 {[%emt 0:03:01][%mdl 1024] Black has compensation.} 28. Qc1 Rd3 29. Re3 Rd8 30. Re1 Rd7 31. Qc2 Qd6 32. Qc1 Ba6 33. Qe3 Qc7 34. Qc1 Rd3 35. Re3 Rd8 36. Re1 Bd3 37. Re3 (37. Kh1 $15) 37... Bb5 $17 {[%emt 0:00:41] Strongly threatening ...c4.} 38. Re1 {[%emt 0:00:29] [#]} (38. Qc2 $17) 38... Rd3 ({Black should try} 38... c4 $1 $19 39. e5 Rd3 (39... cxb3 40. Qxc7 Nxc7 41. Nc5 $11)) 39. Qc2 $2 {[%emt 0:00:30][%mdl 8192] [#]} (39. Re3 $17 {is more resistant.}) 39... Rxf3 $1 $19 40. gxf3 Nd4 41. Qd1 Qf4 $2 (41... Qd8 $19 {[%cal Ob5e2] White must now prevent ...Be2!} 42. f4 Be2) 42. Re3 $17 Bd7 43. Kh1 (43. Nxc5 $2 Bxh3 (43... Qg5+ 44. Kh2 $11) 44. Kh1 (44. Qxd4 $2 Qg5+ 45. Kh2 Qg2#) 44... Qg5 $19) 43... Qh4 44. f4 $1 (44. Nxc5 $2 Bxh3 45. Nd3 (45. Qxd4 Bf1+ 46. Kg1 Qh3) 45... Bf1+ 46. Kg1 Be2 $19) 44... Qxf2 45. Qg1 $1 Qc2 {[%emt 0:00:03] Black is much more active.} (45... Qxf4 $15 46. Qg3 (46. Nxc5 $2 Bc6 $19) 46... Qf1+ 47. Qg1 Qb5 (47... Bxh3 48. Qxf1 Bxf1 49. Kg1 $16) 48. Nxc5 Bc6 (48... Qxc5 49. Rd3 $15)) 46. Qg2 $11 Qc1+ 47. Qg1 Qd2 (47... Qc2 $11) 48. Nxc5 $14 Bc6 {[%emt 0:01:51][%cal Od2c2] ...Qc2! would now be deadly.} 49. Rg3 Ne6 (49... Nf5 $1 $14 50. Rg2 Qd6) 50. f5 (50. Rg2 $16 Qxf4 51. Nxe6 Qxe4 52. Nd4 (52. Nxg7 $2 Qxg2+ 53. Qxg2 Bxg2+ 54. Kxg2 Kxg7 $19)) 50... Ng5 $1 $11 (50... Nxc5 51. Rxg7+ Kf8 52. Rg8+ (52. Qxc5+ Kxg7 53. Qxc6 Qe3 $11) 52... Ke7 53. Qxc5+ Kd7 54. Qa7+ Kd6 55. Rd8+ (55. Qxf7 Bxe4+ 56. Kg1 Qe1+ 57. Kh2 Qf2+) 55... Ke5 56. Qc7+ (56. Rxd2 Bxe4+ 57. Kg1 Kxf5 58. Qe7 Kf4 59. Qf6+ Kg3 60. Qd6+ Kxh3 61. Qf4 Bg2 62. Rd3+ Bf3 63. Rxf3#) 56... Kf6 57. Qxc6+ (57. Rxd2 Bxe4+ 58. Kh2 Bxf5 59. Qd6+ Be6 60. Rf2+ Kg7 61. Qe5+ Kh7 62. Rg2 Bg4 63. Rxg4 f6 64. Qe7+ Kh8 65. Qg7#)) 51. Rg4 Qxb2 52. Qe3 Qb1+ 53. Kh2 Qc2+ 54. Rg2 Qd1 55. h4 Nf3+ 56. Kg3 Ne5 {[%emt 0:00:15] Wards off Nd3} 57. Qf4 {[%emt 0:00:46] Prevents h5} (57. Kf4 {with more complications.} f6 58. Ne6 g6 59. Nd4) 57... Qd4 58. Kh2 $2 Qxc5 $19 59. Qxh6 {[%emt 0:00:21] [#]} (59. f6 $19 h5 (59... Ng6 $2 60. Qb8+ Kh7 61. Qc7 $19) 60. Rxg7+ Kf8 61. Rg5 (61. Qh6 $2 Ke8 $19) 61... Qc2+ 62. Rg2 Qxe4 63. Qxe4 Bxe4 64. Rb2) 59... Ng4+ $1 60. Rxg4 Qf2+ 61. Kh3 Qf3+ 62. Kh2 Qe2+ {[%emt 0:00:02] Weighted Error Value: White=0.43/Black=0.17 (very precise) .  Loses game:     	White=2     	---        Missed win:     	---       	Black=1      Mistake:       	White=4     	Black=4      Inaccurate:     	White=3     	Black=2      OK:         	White=17    	Black=22     Best:        	White=5     	Black=1      Strong:       	White=2     	Black=1      Brilliant:      	---       	Black=2} ({Weaker is} 62... Qxg4 63. Qxc6 Qe2+ (63... Qxh4+ 64. Kg2 $11) 64. Kg1 $17) 0-1

[Event "45th FIDE Olympiad 2024"]
[Site "Budapest"]
[Date "2024.09.12"]
[Round "2.61"]
[White "Gurner, Jem"]
[Black "Kabamwanishi, Mashala"]
[Result "1/2-1/2"]
[ECO "B53"]
[WhiteElo "2091"]
[BlackElo "1914"]
[Annotator "NA"]
[PlyCount "98"]
[EventDate "2024.09.05"]
[EventType "team-tourn"]
[EventCountry "HUN"]
[SourceTitle "playchess.com"]
[Source "ChessBase"]
[SourceQuality "1"]
[WhiteTeam "Jersey"]
[BlackTeam "Democratic Republic of the Congo"]
[TimeControl "40/5400+30:1800+30"]

1. e4 c5 2. Nf3 d6 3. d4 cxd4 4. Qxd4 Nc6 5. Bb5 Bd7 6. Bxc6 Bxc6 7. Nc3 Nf6 8. Bg5 Qb6 9. Qxb6 axb6 10. Bxf6 gxf6 11. Nd4 Rg8 12. g3 h5 13. O-O-O Rg5 14. b4 e6 15. Rhe1 Be7 16. Kb2 Kf8 17. a4 d5 18. f4 Rg4 19. b5 Bd7 20. exd5 e5 21. fxe5 fxe5 22. Rxe5 Bf6 23. Re4 Rc8 24. Rxg4 Bxg4 25. Rd3 Rc4 26. Nb3 Rxa4 27. Nd2 Rb4+ 28. Kc1 Bxc3 29. Rxc3 Rd4 30. Re3 Rxd5 31. c4 Rd4 32. Kc2 Be6 33. Kc3 Rg4 34. Re4 Rg5 35. Kd4 Rc5 36. Re5 Rxe5 37. Kxe5 Ke7 38. h4 Bh3 39. Ne4 Bf1 40. Kd4 Ke6 41. Nc3 Kf5 42. Nd5 Kg4 43. Ne3+ Kxg3 44. Nxf1+ Kxh4 45. Ke5 Kg4 46. Ne3+ Kf3 47. Nf5 Kg4 48. Kf6 Kf4 49. Nh4 Ke4 1/2-1/2

[Event "45th FIDE Olympiad 2024"]
[Site "Budapest"]
[Date "2024.09.12"]
[Round "2.62"]
[White "Indjic, Aleksandar"]
[Black "Volodin, Aleksandr"]
[Result "0-1"]
[ECO "E01"]
[WhiteElo "2611"]
[BlackElo "2457"]
[Annotator "RC"]
[PlyCount "187"]
[EventDate "2024.09.05"]
[EventType "team-tourn"]
[EventCountry "HUN"]
[SourceTitle "playchess.com"]
[Source "ChessBase"]
[SourceQuality "1"]
[WhiteTeam "Serbia"]
[BlackTeam "Estonia"]
[WhiteTeamCountry "SRB"]
[BlackTeamCountry "EST"]
[TimeControl "40/5400+30:1800+30"]

1. d4 d5 2. c4 e6 3. Nf3 Nf6 4. Nc3 c6 5. Qd3 Nbd7 6. g3 Bd6 7. Bg2 O-O 8. O-O Qe7 9. e4 dxe4 10. Nxe4 Nxe4 11. Qxe4 Re8 12. c5 Bc7 13. Re1 e5 14. Qc2 Qf8 15. Bd2 exd4 16. Rxe8 Qxe8 17. Re1 Qf8 18. Nxd4 Nxc5 19. b4 Ne6 20. Nf5 Bd7 21. Qb2 Re8 22. b5 Bb6 23. bxc6 Bxc6 24. Bxc6 bxc6 25. Rc1 Rc8 26. Rc4 c5 27. a4 h5 28. g4 Bd8 29. gxh5 Bf6 30. Qc2 Nd4 31. Nxd4 Bxd4 32. Qf5 Qe8 33. Kg2 Qc6+ 34. Qf3 Qa6 35. Qd3 Qc6+ 36. Qf3 Qa6 37. Qd3 Qe6 38. h6 gxh6 39. Bf4 Re8 40. Rc2 Qd5+ 41. Qf3 Qf5 42. Rc1 Re6 43. Bg3 Qxf3+ 44. Kxf3 Ra6 45. Rc4 Kh7 46. Ke4 Kg6 47. Kd5 Kg5 48. f3 Rf6 49. Bb8 a6 50. Ke4 Re6+ 51. Kd5 Re3 52. f4+ Kf5 53. a5 Ra3 54. Bc7 h5 55. Bb6 h4 56. Kc6 h3 57. Kb7 Ra2 58. Bxc5 Bxc5 59. Rxc5+ Kxf4 60. Kxa6 Rxh2 61. Rc7 f5 62. Rh7 Kg3 63. Rg7+ Kf3 64. Rh7 f4 65. Kb7 Rb2+ 66. Kc6 Ra2 67. Kb6 Kg2 68. Rg7+ Kf2 69. Rh7 Kg3 70. Rg7+ Kf3 71. a6 h2 72. Rh7 Kg2 73. Rg7+ Kf2 74. Rh7 Kg1 75. Rg7+ Kf1 76. Rh7 f3 77. a7 Kg2 78. Rg7+ Kh3 79. Rh7+ Kg3 80. Rg7+ Kf4 81. Rf7+ Ke5 82. Rh7 f2 83. Rh5+ Ke6 84. Rh6+ Kf5 85. Rh5+ Kf4 86. Rxh2 f1=Q 87. Rxa2 Qb1+ 88. Kc7 Qxa2 89. Kb8 Qb3+ 90. Kc8 Qc4+ 91. Kb8 Qb5+ 92. Kc8 Qc6+ 93. Kb8 Qb6+ 94. Ka8 0-1

[Event "45th FIDE Olympiad 2024"]
[Site "Budapest"]
[Date "2024.09.12"]
[Round "2.63"]
[White "Seeman, Tarvo"]
[Black "Markus, Robert"]
[Result "1-0"]
[ECO "C41"]
[WhiteElo "2375"]
[BlackElo "2586"]
[Annotator "TA"]
[PlyCount "109"]
[EventDate "2024.09.05"]
[EventType "team-tourn"]
[EventCountry "HUN"]
[SourceTitle "playchess.com"]
[Source "ChessBase"]
[SourceQuality "1"]
[WhiteTeam "Estonia"]
[BlackTeam "Serbia"]
[WhiteTeamCountry "EST"]
[BlackTeamCountry "SRB"]
[TimeControl "40/5400+30:1800+30"]

1. Nf3 d6 2. d4 Nf6 3. g3 Nbd7 4. Nc3 e5 5. e4 c6 6. a4 Be7 7. Bg2 O-O 8. O-O b6 9. Be3 {[%emt 0:18:31] C41: Philidor Defence.} a6 10. Nd2 Bb7 11. Nc4 $146 ({Predecessor:} 11. f4 b5 12. h3 b4 13. Ne2 a5 14. g4 Ba6 15. Rf2 h6 16. Ng3 Re8 17. Qf3 exd4 18. Bxd4 {½-½ Onischuk,V (2637)-Kunin,V (2527) Riga Tal Memorial blitz 2019 (11)}) 11... Qc7 12. a5 b5 13. Nb6 Rad8 (13... Nxb6 $15 14. axb6 Qc8) 14. d5 $11 c5 15. Nxd7 Nxd7 16. Qd2 Nf6 17. h3 Rfe8 18. Ne2 Rb8 19. c3 c4 20. f4 exf4 (20... Nd7 $11 {keeps the balance.}) 21. gxf4 (21. Bb6 $1 $16 Qc8 22. Qxf4 (22. gxf4 Bd8 $11)) 21... Nd7 $1 $11 22. Bd4 Nc5 23. Qe3 Nb3 24. Bb6 Qd7 25. Rad1 Bd8 26. Nd4 (26. e5 $11) 26... Bxb6 $15 27. axb6 Nxd4 28. Qxd4 Bc8 (28... Ba8 $15) 29. Rf3 (29. e5 $1 $11) 29... Qd8 $15 30. Rg3 g6 (30... f6 $1 $15) 31. Kh2 $11 Qxb6 (31... Rxb6 {feels hotter.} 32. e5 Bf5 33. e6 b4) 32. Qd2 $1 ({Don't play} 32. Qf6 a5 $15 (32... Qd8 33. Qxd8 Rxd8 34. b3 $15)) 32... f5 33. Re1 b4 (33... Qd8 $11) 34. e5 $14 bxc3 35. bxc3 Qc5 (35... a5 $14) 36. h4 $16 Re7 37. h5 Rg7 {[%emt 0:00:06] [#]} 38. h6 ({White should play} 38. e6 $1) 38... Rgb7 $2 (38... Rf7 $16 39. Qe3 Qb6) 39. exd6 $18 Rf7 40. Re8+ Rf8 41. Rge3 Rb7 42. R3e7 ({Not} 42. Qd4 Qxd4 43. cxd4 Bd7 $16) 42... Rxe7 43. Rxe7 Rf7 44. Re8+ (44. Rc7 $142 Rxc7 45. dxc7) 44... Rf8 $18 45. Re7 (45. Re6 $142 Bxe6 46. dxe6) 45... Rf7 $1 $18 46. Rc7 Rxc7 47. dxc7 Kf7 {[%emt 0:15:35] [#]} 48. d6 $1 Ke6 49. Bb7 Bd7 50. Bxa6 g5 51. Qd4 Qxd4 52. cxd4 c3 53. c8=Q Bxc8 54. Bxc8+ Kf6 55. d7 1-0

[Event "45th FIDE Olympiad 2024"]
[Site "Budapest"]
[Date "2024.09.12"]
[Round "2.63"]
[White "Belzo, Krzysztof"]
[Black "Kasongo, Kazadi Olivier"]
[Result "1-0"]
[ECO "A25"]
[WhiteElo "2076"]
[BlackElo "1794"]
[Annotator "NA"]
[PlyCount "83"]
[EventDate "2024.09.05"]
[EventType "team-tourn"]
[EventCountry "HUN"]
[SourceTitle "playchess.com"]
[Source "ChessBase"]
[SourceQuality "1"]
[WhiteTeam "Jersey"]
[BlackTeam "Democratic Republic of the Congo"]
[TimeControl "40/5400+30:1800+30"]

1. c4 e5 2. Nc3 Nc6 3. g3 Bc5 4. Bg2 Nge7 5. e3 d6 6. Nge2 Bg4 7. a3 a6 8. b4 Bb6 9. Bb2 O-O 10. h3 Be6 11. Nd5 Bf5 12. d4 exd4 13. Nxb6 cxb6 14. Nxd4 Nxd4 15. Qxd4 f6 16. Bxb7 Ra7 17. Bg2 Qc7 18. O-O Bg6 19. Rfd1 Nc8 20. Rac1 a5 21. Bf3 h5 22. Qh4 axb4 23. axb4 Ra4 24. Bc3 Ne7 25. Bxh5 Kf7 26. Bxg6+ Nxg6 27. Qd4 Ke7 28. Qg4 Ne5 29. Bxe5 dxe5 30. Qxg7+ Rf7 31. Qg4 Rxb4 32. Rd5 Ra4 33. Rcd1 Ra7 34. Qg8 Rb7 35. Rd8 Ke6 36. Re8+ Qe7 37. Qg4+ f5 38. Qg6+ Rf6 39. Rxe7+ Rxe7 40. Rd6+ Kxd6 41. Qxf6+ Re6 42. Qxf5 1-0

[Event "45th FIDE Olympiad 2024"]
[Site "Budapest"]
[Date "2024.09.12"]
[Round "2.64"]
[White "Ivic, Velimir"]
[Black "Timoshin, Andrei"]
[Result "1-0"]
[ECO "A34"]
[WhiteElo "2599"]
[BlackElo "2230"]
[Annotator "TA"]
[PlyCount "53"]
[EventDate "2024.09.05"]
[EventType "team-tourn"]
[EventCountry "HUN"]
[SourceTitle "playchess.com"]
[Source "ChessBase"]
[SourceQuality "1"]
[WhiteTeam "Serbia"]
[BlackTeam "Estonia"]
[WhiteTeamCountry "SRB"]
[BlackTeamCountry "EST"]
[TimeControl "40/5400+30:1800+30"]

1. c4 c5 2. Nf3 Nf6 3. Nc3 Nc6 4. g3 d5 5. cxd5 Nxd5 6. Bg2 Nc7 7. d3 e5 8. Nd2 Be6 9. Bxc6+ bxc6 10. b3 Be7 {[%emt 0:07:50] White is slightly better.} 11. Bb2 f6 12. Rc1 O-O 13. Na4 Qd5 14. f3 Rad8 15. Ba3 Na6 16. Ne4 g5 ({Black should try} 16... Bc8) 17. Naxc5 $16 {[%emt 0:12:39] A dynamic duo of knights.} Bc8 18. Rc4 (18. g4 $142 $1) 18... g4 (18... f5 $16 19. Nc3 Qf7) 19. Qc1 $18 {[%emt 0:11:36] aiming for Nxa6.} Nc7 20. fxg4 Bxg4 {[%emt 0:02:03] [#]} 21. Nxf6+ $1 Rxf6 22. Rxg4+ Kh8 {[%emt 0:00:05] [#]} (22... Kf7 {was worth a try.} 23. Ne4 Qa5+ 24. b4 Bxb4+ 25. Bxb4 Qxb4+ 26. Kd1 Qa4+ 27. Qc2 Qxc2+ 28. Kxc2 Rg6) 23. Ne4 $1 Qa5+ {[%emt 0:01:53] [#]} (23... Bxa3 {is a better defense.} 24. Qxa3 Nb5) 24. Kd1 $1 {[%emt 0:02:25] White is clearly winning.} (24. b4 Bxb4+ 25. Bxb4 Qxb4+ 26. Kd1 Rf5 $16) 24... Rf7 (24... Qxa3 $142 25. Qxa3 (25. Nxf6 Qxc1+ 26. Kxc1 Bxf6 $16) 25... Bxa3 26. Nxf6 Be7) 25. Bxe7 ({And not} 25. Qxc6 Bxa3 26. Ng5 Rg7 $17) 25... Rxe7 26. Qh6 (26. Qxc6 Nd5 27. Qc1 Qxa2 $14) 26... Nd5 {[%emt 0:00:47] Against Qf6+} 27. Rf1 {[%emt 0:00:23] Weighted Error Value: White=0.05 (flawless) /Black=0.55.  Mistake:       	White=1     	Black=5      OK:         	White=11    	Black=5      Best:        	White=2     	---        Strong:       	White=2     	---} (27. Qxc6 $2 {perishes.} Ne3+ (27... Qxa2 $2 28. Qc1 $17) 28. Kc1 Rc7 $19 (28... Nxg4 $2 29. Kb2 $19) (28... Nxg4 $2 29. Kb1 $19)) 1-0

[Event "45th FIDE Olympiad 2024"]
[Site "Budapest"]
[Date "2024.09.12"]
[Round "2.65"]
[White "Martirosyan, Haik M."]
[Black "Henderson De La Fuente, Lance"]
[Result "1-0"]
[ECO "E73"]
[WhiteElo "2667"]
[BlackElo "2519"]
[Annotator "TA"]
[PlyCount "201"]
[EventDate "2024.09.05"]
[EventType "team-tourn"]
[EventCountry "HUN"]
[SourceTitle "playchess.com"]
[Source "ChessBase"]
[SourceQuality "1"]
[WhiteTeam "Armenia"]
[BlackTeam "Andorra"]
[WhiteTeamCountry "ARM"]
[BlackTeamCountry "AND"]
[TimeControl "40/5400+30:1800+30"]

1. d4 Nf6 2. c4 g6 3. Nc3 Bg7 4. e4 d6 5. Be2 O-O 6. Be3 Nc6 7. d5 Ne5 {E73: King's Indian: Averbakh Variation without 6...c5.} 8. Nf3 Nxf3+ 9. Bxf3 Nd7 10. O-O a5 $146 ({Predecessor:} 10... e5 11. dxe6 fxe6 12. Be2 b6 13. Qd2 Bb7 14. f3 Qe7 15. Rac1 a6 16. b4 a5 17. a3 axb4 18. axb4 {½-½ Grachev,B (2593)-Tsydypov,Z (2534) RUS Cup final 2022 (3.3)}) 11. Be2 b6 12. Rc1 Nc5 13. Bd4 Bxd4 14. Qxd4 e5 15. dxe6 fxe6 16. e5 Bb7 17. exd6 Qxd6 18. Qxd6 cxd6 19. Rfd1 Rad8 20. Rd4 e5 21. Rd2 Kf7 22. Re1 Ke7 23. Bd1 g5 24. Re3 h6 25. b3 Bc6 26. Bc2 Rf6 27. h3 Rf4 28. f3 Rff8 29. a3 Rc8 30. Kh2 h5 31. b4 Ne6 32. Be4 h4 33. Bxc6 Rxc6 34. Nd5+ Kf7 35. bxa5 bxa5 36. Rb3 Rfc8 37. Rb7+ Nc7 38. Ra7 Kf8 39. Nf6 Ke7 40. Nd5+ Kf8 41. Ne3 Ra8 42. Rxa8+ Nxa8 43. Nf5 Nb6 44. Rxd6 Rxd6 45. Nxd6 Ke7 46. c5 Ke6 47. Nb7 Nc4 48. c6 Nxa3 49. Nxa5 Kd6 50. Kg1 Kc7 51. Kf2 Kb6 52. Kf1 Nc2 53. Nc4+ Kxc6 54. Nxe5+ Kd5 55. Nf7 Ke6 56. Nxg5+ Kf5 57. Ne4 Kf4 58. Kf2 Nd4 $2 (58... Nb4 $16 59. Nc5 Nd5 60. Nd3+ Kf5) 59. Nc5 $18 Nc2 60. Nd3+ Kf5 61. Ke2 Na3 62. Nb4 Nc4 63. Nd5 Ke5 64. Ne3 Nd6 65. Kf2 $1 Kf4 66. Nd5+ $1 Ke5 {[#]} 67. Nc3 $2 (67. Ne7 $1 $18 ) 67... Kf5 $2 (67... Nc4 $16 68. Na2 Nb2) 68. Ne2 Nc4 69. g4+ hxg3+ 70. Kxg3 (70. Nxg3+ Kg5 $11) 70... Ne3 {[#]} 71. h4 $2 (71. Kf2 $1 $18 {[%cal Rf2e3] and the rest is easy.} Nd5 72. Kg2) 71... Nd5 $16 72. f4 $2 ({White should play} 72. Kh3 $18 {Threatens to win with Kg3.} Kg6 73. Kh2) 72... Kg6 $1 $11 73. Nd4 Kh5 $1 74. Nf5 (74. f5 $5 Ne3 $8 75. Kf4 Ng2+ 76. Ke5 Nxh4 77. f6 Ng6+ 78. Ke6 $11) 74... Kg6 $1 75. Nd4 Kh5 $1 76. Ne2 (76. f5 $5 Ne3 $8 77. Kh3 $11) 76... Kg6 $1 77. Kg4 Nf6+ 78. Kh3 (78. Kf3 $5 Kh5 $8 79. Kg3 Ne4+ 80. Kh3 Nf2+ 81. Kg3 Ne4+ 82. Kh3 Nf2+ 83. Kg3 Ne4+ $11) 78... Kf5 79. Kg3 Ke4 80. Nc3+ Kd4 81. Nd1 Ke4 82. Nf2+ Kf5 83. Kf3 Nd5 84. Nd3 Nf6 85. Ne1 Kg6 86. Ng2 Kf5 $2 (86... Nh5 $14) 87. Ne3+ $18 Kg6 88. f5+ Kh5 89. Ng2 Ng8 90. Kf4 Kh6 91. Ke5 Kg7 92. Ke6 Nf6 93. Nf4 Ng4 94. h5 Nh6 95. Ng6 Ng4 96. Ne5 Nh6 97. Nd7 Kh7 98. Kf6 Ng4+ 99. Kg5 Ne3 100. f6 Kg8 101. Kg6 1-0

[Event "45th FIDE Olympiad 2024"]
[Site "Budapest"]
[Date "2024.09.12"]
[Round "2.65"]
[White "Houssein, Mohamed Bilal"]
[Black "Wu, Li"]
[Result "0-1"]
[ECO "B32"]
[WhiteElo "1870"]
[BlackElo "2325"]
[Annotator "TA"]
[PlyCount "76"]
[EventDate "2024.09.05"]
[EventType "team-tourn"]
[EventCountry "HUN"]
[SourceTitle "playchess.com"]
[Source "ChessBase"]
[SourceQuality "1"]
[WhiteTeam "Djibouti"]
[BlackTeam "Isle of Man"]
[WhiteTeamCountry "DJI"]
[BlackTeamCountry "IOM"]
[TimeControl "40/5400+30:1800+30"]

1. e4 c5 2. Nf3 Nc6 3. d4 cxd4 4. Nxd4 e5 5. Nb5 d6 6. c4 g6 7. Be2 Be6 8. O-O Rc8 {White has an edge.} 9. f4 a6 10. f5 $1 axb5 ({Black should try} 10... gxf5 $14 11. exf5 Bxc4) 11. fxe6 $16 fxe6 12. Na3 (12. cxb5 $6 Nd4 13. Nc3 Bh6 $14) 12... Nd4 13. Nxb5 (13. cxb5 $6 Nf6 $11) 13... Qb6 (13... Nf6) 14. Be3 Bg7 15. b4 Ke7 (15... Nf6 {was called for.} 16. c5 (16. Bxd4 exd4 17. e5 d3+ 18. Kh1 dxe2 $18) 16... dxc5 17. bxc5 Qxc5 18. Nxd4 (18. Rc1 Qxc1 19. Bxc1 Rxc1 $18) 18... O-O (18... exd4 $2 19. Rc1 $18)) 16. a4 Nf6 17. a5 (17. Bxd4 exd4 18. a5 (18. Qxd4 $2 Qxd4+ 19. Nxd4 Nxe4 $19) (18. Nxd4 $2 Nxe4 19. c5 Qxb4 $19) 18... Qc6 $18) 17... Qc6 18. Nxd4 exd4 19. Bxd4 (19. Qxd4 Qxe4 20. Qd2 Rhd8 $18) 19... e5 20. Bb6 Rhf8 (20... Qxe4 $142 21. Bf3 Qxc4 22. Bxb7 Qxb4 23. Bxc8 Rxc8) 21. c5 $18 Nxe4 22. cxd6+ Qxd6 23. Qb3 Nd2 (23... Rc3 {keeps fighting.} 24. Qb2 Bh6 25. Rxf8 Kxf8) 24. Rxf8 $1 Nxb3 (24... Rc1+ 25. Qd1 (25. Rxc1 Nxb3 26. Rd1 Bxf8 $18) 25... Rxd1+ 26. Rxd1 Bxf8 (26... Kxf8 $2 27. Bc5 $18)) 25. Rxc8 e4 (25... Nxa1 $2 26. Bc5) (25... Qd7 $142) 26. Bd8+ {A strong pair of Bishops.} (26. Rd1 $142 Qxb4 27. Rc7+ Kf6 28. Rxb7 (28. Rf1+ Ke5 $18)) 26... Ke6 (26... Qxd8 {might work better.} 27. Rxd8 Kxd8) 27. Bg4+ Kd5 28. Rd1+ Bd4+ 29. Kh1 (29. Rxd4+ $142 Nxd4 (29... Kxd4 $2 {is the wrong capture.} 30. Bb6+ Kd5 31. Rd8 $18) 30. Rc5+ Qxc5 31. bxc5) 29... h5 $2 {[#]} (29... Qxb4 {was worth a try.} 30. Rc7 Nd2) 30. Bb6 $2 hxg4 $16 31. Rd8 Qxd8 32. Bxd8 {[%mdl 4096] Endgame. Threatens to win with b5. KRB-KBN} e3 {[#]} (32... Kc4 $142) 33. g3 $2 {Loses the game.} (33. Bg5 $1 $16 Kc4 34. Bxe3 Bxe3 35. Rd7) 33... Kc4 $19 {[%cal Od4c3] Hoping for ...Bc3!} 34. Kg2 e2 (34... Kxb4 $2 {perishes.} 35. Kf1 $18) 35. Re1 Kd3 {And now ...Bc3 would win.} 36. Bg5 $2 (36. b5 Bc3 (36... Kd2 $2 37. Rh1 $19) 37. Rxe2 Kxe2 38. a6 bxa6 39. bxa6) 36... Bc3 37. Kf2 Bxe1+ 38. Kxe1 Nd4 {Weighted Error Value: White=1.06/Black=0.78.  Loses game:     	White=1     	---        Missed win:     	White=1     	---        Mistake:       	White=3     	Black=10     Inaccurate:     	White=2     	Black=2      OK:         	White=7     	Black=9      Best:        	White=4     	Black=3      Strong:       	White=2     	---} 0-1

[Event "45th FIDE Olympiad 2024"]
[Site "Budapest"]
[Date "2024.09.12"]
[Round "2.66"]
[White "Fluvia Poyatos, Jordi"]
[Black "Sargsyan, Shant"]
[Result "1/2-1/2"]
[ECO "C47"]
[WhiteElo "2438"]
[BlackElo "2649"]
[Annotator "TA"]
[PlyCount "60"]
[EventDate "2024.09.05"]
[EventType "team-tourn"]
[EventCountry "HUN"]
[SourceTitle "playchess.com"]
[Source "ChessBase"]
[SourceQuality "1"]
[WhiteTeam "Andorra"]
[BlackTeam "Armenia"]
[WhiteTeamCountry "AND"]
[BlackTeamCountry "ARM"]
[TimeControl "40/5400+30:1800+30"]

1. e4 e5 2. Nf3 Nc6 3. Nc3 Nf6 4. d4 exd4 5. Nxd4 Bb4 6. Nxc6 bxc6 7. Bd3 O-O 8. O-O d5 9. exd5 cxd5 10. Bg5 c6 11. Qf3 Bd6 12. Rae1 Rb8 13. Nd1 h6 14. Bxf6 Qxf6 15. Qxf6 gxf6 {White has an edge.} 16. b3 a5 17. Ne3 a4 18. Nf5 Bxf5 19. Bxf5 axb3 20. axb3 Rfd8 21. Re3 Kg7 22. Rd1 Be5 23. g3 Rb4 24. Kg2 Kf8 25. f4 Bd6 26. Ra1 Bc5 27. Re2 Rb7 28. Ra6 Rc7 29. Re1 {White is more active.} Kg7 30. Bd3 Bd4 {Weighted Error Value: White=0.03 (flawless) /Black=0.06 (flawless) .  Inaccurate:     	White=1     	Black=1      OK:         	White=8     	Black=7} 1/2-1/2